 Seeded DCSS version 0.29-a0-563-g64e4043184 (webtiles) character file.

Game seed: 20220611 (custom seed)

30 muata89 the Cudgeller (level 3, 20/20 (33) HPs)
             Began as a Meteoran Cinder Acolyte on June 11, 2022.
             Was a High Priest of Ignis.
             Quit the game on level 1 of the Dungeon on June 12, 2022.
             The game lasted 00:04:31 (713 turns).

muata89 the Cudgeller (Meteoran Cinder Acolyte)      Turns: 713, Time: 00:04:31

HP:   20/20 (33)    AC:  2    Str: 15    XL:     3   Next: 58%
MP:   7/7           EV: 26    Int: 18    God:    Ignis [*****.]
Gold: 32            SH:  0    Dex:  9    Spells: 4/6 levels left

rFire   + . .      SeeInvis .   a - -1 mace (flame)
rCold   . . .      Faith    .   (no shield)
rNeg    . . .      Spirit   .   b - +0 robe
rPois   .          Reflect  .   (no helmet)
rElec   .          Harm     .   (no cloak)
rCorr   .          Rampage  .   (no gloves)
Will    .....                   (no boots)
Stlth   +.........              f - amulet of the acrobat
HPRegen 0.06/turn               (no ring)
MPRegen 0.10/turn               (no ring)

@: acrobatic, glowing, very heavily drained
A: sense surroundings 1, otherworldly, glowing, explore regen
a: Renounce Religion, Fiery Armour, Foxfire Swarm


You were on level 1 of the Dungeon.
You worshipped Ignis.
Ignis was extremely pleased with you.
You visited 1 branch of the dungeon, and saw 2 of its levels.

You collected 32 gold pieces.

Inventory:

Hand Weapons
 a - a -1 mace of flaming (weapon)
Armour
 b - a +0 robe (worn)
 k - a +2 plate armour of fire resistance
Jewellery
 f - an amulet of the acrobat (around neck)
Scrolls
 d - a scroll of teleportation {unknown}
 e - a scroll of identify {unknown}
 g - a scroll of magic mapping {unknown}
 h - a scroll of amnesia {unknown}
Potions
 c - a potion of heal wounds {unknown}
 i - a potion of degeneration {unknown}
 j - a potion of haste {unknown}


   Skills:
 - Level 3.6 Fighting
 + Level 4.4 Maces & Flails
 + Level 2.1 Spellcasting
 + Level 4.1 Fire Magic


You had 4 spell levels left.
You knew the following spells:

 Your Spells              Type           Power      Damage    Failure   Level
a - Scorch                Fire           32%        2d6       4%          2

Your spell library contained the following spells:

 Spells                   Type           Power      Damage    Failure   Level


Dungeon Overview and Level Annotations

Branches:
Dungeon (2/15)

Altars:


Innate Abilities, Weirdness & Mutations

You passively map a small area around you.
You are easily found by Zot.
You glow in the dark.
You regain HP and MP as you explore.


Message History

Found a stone staircase leading down.
There is a stone staircase leading down here.
A rat comes into view.
A rat is nearby!
You hit the rat. You burn the rat.
You kill the rat!
You see here a rat corpse.
Found 8 gold pieces.
You now have 29 gold pieces (gained 8).
An endoplasm comes into view.
The endoplasm quivers.
An endoplasm is nearby!
Found a spear.
You see here 3 gold pieces.
The endoplasm freezes you.
You are frozen.
You hit the endoplasm. You burn the endoplasm.
You kill the endoplasm!
You now have 32 gold pieces (gained 3).
Found a runed plate armour.
You see here a +0 spear.
Found a stone staircase leading up.
You see here a +2 plate armour of fire resistance.
k - a +2 plate armour of fire resistance You start putting on your amulet.
You continue putting on your amulet of the acrobat. x5
You finish putting on your amulet of the acrobat.
You feel ready to tumble and roll out of harm's way.
f - an amulet of the acrobat (around neck)
An endoplasm comes into view.
The endoplasm quivers.
You begin to rise into the air.
With a burst of heat and light, you rocket upward!
There is a shaft here.
There is a staircase leading out of the dungeon here.
Welcome back, muata89 the Meteoran Cinder Acolyte.
Game seed: 20220611 (custom seed)
The flames of Ignis gently warm you.
Press ? for a list of commands and other information.
Are you sure you want to abandon this character and quit the game? (Confirm with "yes".)

#.# ##.....#.#.#
,., ,##.#.# #.#
#.#..###..#,.#
,#...## #.# #.####
##.#..## #...##
######.####.#
###.... ####.#
............#
###..... ,#....#
######[.###.#
###.........##....
##.# #.# #.^....#
#.÷.....# #.# #.#
#....### ##....#.#
#.# #.# #@...## *
######.# #######.#
#.# ##....##* *
#.# ....†...###.#
#.....### #.#
.########...#
###.....# #.# .#
#.### ###...# #.#
## #.# #...# **#.#
#.# ##...# #.#
##....##** #.#
#.÷##..#


There were no monsters in sight!

Vanquished Creatures
  A dart slug (D:1)
  A bat (D:1)
  3 endoplasms
  3 giant cockroaches (D:1)
  2 goblins (D:1)
  3 hobgoblins (D:1)
  3 jackals (D:1)
  2 ball pythons (D:1)
  A frilled lizard (D:1)
  3 kobolds (D:1)
  3 rats
25 creatures vanquished.

Vanquished Creatures (others)
  2 foxfires (D:1)
2 creatures vanquished.

Grand Total: 27 creatures vanquished

Notes
Turn   | Place    | Note
-------+----------+-------------------------------------------
     0 | D:1      | muata89 the Meteoran Cinder Acolyte began the quest for the
                  | Orb.
     0 | D:1      | Reached XP level 1. HP: 19/19 MP: 3/3
   100 | D:1      | Reached XP level 2. HP: 19/26 MP: 5/5
   103 | D:1      | Learned a level 2 spell: Scorch
   142 | D:1      | Found a faded altar of an unknown god.
   326 | D:1      | Reached XP level 3. HP: 28/31 MP: 1/6
   490 | D:1      | Glimpsed the power of Zot.
   540 | D:1      | Glimpsed the power of Zot.
   580 | D:1      | Glimpsed the power of Zot.
   589 | D:1      | Touched by the power of Zot.
   713 | D:1      | Quit the game

Illustrated notes

Levels and vault maps discovered:
D:1:      amcnicky_arrival_wind_blow, layout_loops_ring,
          nicolae_ecumenical_lake_church, dreamdust_wishing_well,
          serial_park_tiny_1
D:2:      layout_basic, minmay_quadrilaterals

Skill      XL: |  1  2  3 |
---------------+----------+-----
Spellcasting   | 2 |  2.1
Fire Magic     | 4 |  4.1
Fighting       | |  3.6
Maces & Flails | |  4.4

Action                   || total
-------------------------++-------
Melee: Mace              ||    42
       Punch             ||     1
 Cast: Scorch            ||    16
Invok: Foxfire Swarm     ||     1
       Rising Flame      ||     1
Armor: Robe              ||    11
Dodge: Dodged            ||    18

Table legend: (Time is in decaauts)
 A = Elapsed time spent in this place.
 B = Non-inter-level travel time spent in this place.
 C = Inter-level travel time spent in this place.
 D = Time resting spent in this place.
 E = Time spent auto-exploring this place.
 F = Levels seen in this place.
 G = Mean time per level.
                   A        B        C        D        E       F      G
               +--------+--------+--------+--------+--------+-----+--------+
         Total |    723 |    715 |      8 |    130 |    369 |   2 |  361.5 |
       Dungeon |    723 |    715 |      8 |    130 |    369 |   2 |  361.5 |
               +--------+--------+--------+--------+--------+-----+--------+

Top non-repeatable levels by time:
     D:1: 620 daAuts
     D:2: 102 daAuts
